 Dungeon Crawl Stone Soup version 0.31.0-12-g77e489cdc1 (webtiles) character file.

Game seed: 14000195645338496694

1935 hawla the Ducker (level 8, -6/68 HPs)
             Began as a Minotaur Fighter on Feb 17, 2024.
             Was an Initiate of Yredelemnul.
             Killed from afar by an electric eel (13 damage)
             ... with a bolt of electricity
             ... in a bailey.
             The game lasted 00:10:27 (5106 turns).

hawla the Ducker (Minotaur Fighter)                 Turns: 5106, Time: 00:10:28

Health: -6/68      AC: 14    Str: 24    XL:     8   Next: 97%
Magic:  7/7        EV: 12    Int:  5    God:    Yredelemnul [......]
Gold:   245        SH: 10    Dex:  9    Spells: 7/7 levels left

rFire   . . .        a - +0 war axe
rCold   + . .        b - +1 kite shield
rNeg    . . .        p - +1 plate armour {rC+}
rPois   .            (helmet restricted)
rElec   .            w - +0 cloak
rCorr   .            (no gloves)
SInv    .            (no boots)
Will    .....        n - amulet of faith Stlth
                     s - +5 ring of evasion
HPRegen 0.31/turn    (no ring)
MPRegen 0.10/turn

%: faith
@: no status effects
A: horns 2, retaliatory headbutt
a: Renounce Religion, Recall Undead Harvest


You were in a bailey.
You worshipped Yredelemnul.
Yredelemnul was noncommittal.
You visited 2 branches of the dungeon, and saw 8 of its levels.
You also visited: Bailey.

You collected 290 gold pieces.
You spent 45 gold pieces at shops.

Inventory:

Hand Weapons
 a - a +0 war axe (weapon)
 j - the +5 flail "Melac" {flame, rN+ Str+2 Int+4 Dex+4}
   (You found it on level 3 of the Dungeon)

   Str+2:     It affects your strength (+2).
   Int+4:     It affects your intelligence (+4).
   Dex+4:     It affects your dexterity (+4).
   rN+:       It protects you from negative energy.
Missiles
 t - a throwing net
Armour
 b - a +1 kite shield (worn)
 p - a +1 plate armour of cold resistance (worn)
 w - a +0 cloak (worn)
Jewellery
 n - an amulet of faith (around neck)
 s - a +5 ring of evasion (left hand)
Wands
 e - a wand of polymorph (8)
Scrolls
 i - 3 scrolls of fog
 k - 2 scrolls of summoning
 l - 2 scrolls of blinking
Potions
 c - a potion of curing
 d - 2 potions of might
 f - a potion of brilliance
 g - a potion of invisibility
 h - a potion of magic {unknown}
 o - a potion of haste {unknown}
 q - 2 potions of attraction {unknown}


   Skills:
 - Level 5.0 Fighting
 - Level 2.4 Axes
 - Level 6.0 Throwing
 + Level 5.7 Armour
 - Level 7.0 Dodging
 + Level 6.6 Shields
 - Level 3.0 Evocations


You had 7 spell levels left.
You didn't know any spells.
Your spell library was empty.

Dungeon Overview and Level Annotations

Branches:
Dungeon (7/15)             Temple (1/1) D:5          Bailey (1/1)

Altars:
Cheibriados
Dithmenos
Elyvilon
Gozag
Kikubaaqudgha
Makhleb
Nemelex Xobeh
Okawaru
Ru
Sif Muna
Trog
Wu Jian
Xom
Yredelemnul
Zin
The Shining One

Shops:
D:3 [

Annotations:
Temple 2 transporters


Innate Abilities, Weirdness & Mutations

You have a pair of horns on your head.
You reflexively headbutt those who attack you in melee.


Message History

The bolt of electricity hits you.
* * * LOW HITPOINT WARNING * * *
The electric eel shoots out a bolt of lightning at you!
The bolt of electricity hits you!
* * * LOW HITPOINT WARNING * * *
Your gnoll misses the electric eel.
Your orc wizard gestures wildly while chanting.
Your orc wizard flickers and vanishes for a moment.
Your orc priest mumbles some strange prayers to Beogh against the electric eel.
The electric eel is smitten.
The electric eel shoots out a bolt of lightning at you!
The bolt of electricity hits your orc!
Your orc dies!
Your orc's corpse dissolves into shadows!
The bolt of electricity hits your orc!
Your orc dies!
Your orc's corpse dissolves into shadows!
The bolt of electricity hits your orc warrior.
The bolt of electricity hits you.
* * * LOW HITPOINT WARNING * * *
A bolt of electricity appears from out of your range of vision.
The bolt of electricity hits your gnoll!
The bolt of electricity misses your orc priest.
The bolt of electricity hits your orc!
Your orc dies!
Your orc's corpse dissolves into shadows!
There is an empty arch of ancient stone here.
You swap places.
The electric eel shoots out a bolt of lightning at your orc priest!
The bolt of electricity hits your gnoll!
Your gnoll dies!
Your gnoll's corpse dissolves into shadows!
The bolt of electricity hits your orc priest!
Your gnoll barely misses the electric eel.
Your orc priest looks encouraged for a moment.
The electric eel shoots out a bolt of lightning at you!
The bolt of electricity hits your orc wizard!
The bolt of electricity hits you!
You die...
Your body rises from the dead as a mindless zombie.

≈ ≈≈ ≈≈≈ ≈≈≈≈
######.≈≈≈≈
#......≈≈≈≈
###oo....S≈≈≈
#.o..........
#∩@o∩o.g.....
#oooo........
###oo..g.S≈≈≈
#......≈≈≈≈
######.≈≈≈≈
≈≈≈≈≈ ≈≈


You could see 2 electric eels, 2 friendly orc warriors, 2 friendly orc priests,
3 friendly orc wizards, 2 friendly gnolls and 4 friendly orcs.

Vanquished Creatures
  Grinder (D:3)
  Prince Ribbit (D:6)
  Eustachio (D:6)
  2 steam dragons
  A water moccasin (D:6)
  A black bear (D:5)
  2 ogres (D:6)
  4 scorpions
  An orc priest (D:7)
  Crazy Yiuf (D:6)
  3 hounds
  2 jellies
  3 iguanas (D:5)
  2 sleepcaps (D:6)
  An orc wizard (D:7)
  10 adders
  A white imp (D:5)
  4 dart slugs
  7 orcs
  6 ball pythons
  4 endoplasms
  4 giant cockroaches
  7 goblins
  9 hobgoblins
  2 jackals (D:1)
  4 quokkas
  4 bats (D:1)
  A frilled lizard (D:1)
  10 kobolds
  5 rats
104 creatures vanquished.

Vanquished Creatures (others)
  An orc wizard (D:7)
  An ogre zombie (D:6)
  A steam dragon zombie (D:6)
3 creatures vanquished.

Grand Total: 107 creatures vanquished

Notes
Turn   | Place    | Note
-------+----------+-------------------------------------------
     0 | D:1      | hawla the Minotaur Fighter began the quest for the Orb.
     0 | D:1      | Reached XP level 1. HP: 19/19 MP: 0/0
    89 | D:1      | Reached XP level 2. HP: 27/27 MP: 1/1
   450 | D:2      | Reached XP level 3. HP: 34/34 MP: 2/2
   895 | D:2      | Found an opulent altar of Gozag.
  1007 | D:3      | Reached skill level 5 in Fighting
  1007 | D:3      | Reached skill level 5 in Shields
  1007 | D:3      | Reached XP level 4. HP: 42/42 MP: 3/3
  1034 | D:3      | Reached skill level 1 in Dodging
  1155 | D:3      | Identified the +5 flail "Melac" {flame, rN+ Str+2 Int+4
                  | Dex+4}
  1206 | D:3      | Found Bantar's Armour Emporium.
  1229 | D:3      | Reached skill level 2 in Dodging
  1231 | D:3      | Found a faded altar of an unknown god.
  1285 | D:3      | Noticed Grinder
  1296 | D:3      | Killed Grinder
  1297 | D:3      | Reached skill level 5 in Dodging
  1297 | D:3      | Reached XP level 5. HP: 32/48 MP: 4/4
  1297 | D:3      | Reached XP level 6. HP: 37/56 MP: 5/5
  1940 | D:4      | Identified the +0 ring mail of Beyond {rC+ Int+2}
  2663 | D:4      | Found a shimmering altar of Xom.
  2665 | D:4      | Noticed an angel
  2688 | D:4      | Found a glowing silver altar of Zin.
  2746 | D:4      | Reached skill level 6 in Dodging
  2803 | D:4      | Found a snail-covered altar of Cheibriados.
  3035 | D:3      | Bought a +0 kite shield for 45 gold pieces
  3096 | D:5      | Entered Level 5 of the Dungeon
  3235 | D:5      | Found a staircase to the Ecumenical Temple.
  3276 | Temple   | Found a transporter.
  3276 | Temple   | Found a transporter.
  3276 | Temple   | Found a transporter.
  3276 | Temple   | Found a transporter.
  3276 | Temple   | Entered the Ecumenical Temple
  3295 | Temple   | Became a worshipper of Yredelemnul the Dark
  3368 | D:5      | Reached XP level 7. HP: 57/61 MP: 6/6
  3387 | D:5      | Reached skill level 7 in Dodging
  3412 | D:5      | Reached * piety under Yredelemnul
  3413 | D:5      | Reached skill level 1 in Evocations
  3475 | D:5      | Reached ** piety under Yredelemnul
  3657 | D:5      | Reached *** piety under Yredelemnul
  3658 | D:5      | Reached skill level 1 in Throwing
  4002 | D:6      | Reached XP level 8. HP: 45/68 MP: 7/7
  4245 | D:6      | Noticed Prince Ribbit
  4255 | D:6      | Killed Prince Ribbit
  4256 | D:6      | Reached skill level 5 in Throwing
  4494 | D:6      | Noticed Eustachio
  4497 | D:6      | Killed Eustachio
  4543 | D:6      | Found a runed translucent door.
  4544 | D:6      | Noticed Crazy Yiuf
  4830 | D:6      | Killed Crazy Yiuf
  4929 | D:7      | Reached skill level 5 in Armour
  5076 | D:7      | Found a flagged portal.
  5091 | Bailey   | Entered a bailey
  5106 | Bailey   | Killed from afar by an electric eel

Illustrated notes

Levels and vault maps discovered:
D:1:      lemuel_arrival_room, layout_rooms
D:2:      layout_basic, basic_altar, minmay_close_crescents
D:3:      layout_loops_cross, serial_shops, nicolae_shop_tiny_glass,
          shapermc_ecumenical_altar_mp_urbaneastern, uniq_grinder
D:4:      layout_layer_cave, grunt_temple_overflow_order_and_chaos_1,
          lemuel_tele_altar, chequers_mini_garden
D:5:      minmay_inner_zag, layout_loops_ring,
          minmay_temple_entry_drinking_statues
D:6:      layout_basic, nicolae_twisty_statue_hallways, uniq_prince_ribbit1,
          uniq_eustachio, uniq_crazy_yiuf_cottage
D:7:      layout_gridville, enter_bailey_3, uniq_menkaure
Temple:   hellmonk_temple_divided_pantheon
Bailey:   bailey_axe_of_yendor_kennysheep, bailey

Skill      XL: |  1  2  3  4  5  6  7  8 |
---------------+-------------------------+-----
Fighting       | 4 5 |  5.0
Shields        | 4 5 6 |  6.6
Dodging        | 5 6 7 |  7.0
Evocations     | 3 |  3.0
Throwing       | 3 6 |  6.0
Armour         | 5 |  5.7
Axes           | |  2.4

Action                     |  1- 3 |  4- 6 |  7- 9 || total
---------------------------+-------+-------+-------++-------
  Melee: War axe           |    65 |    83 |    10 ||   158
         Headbutt          |     6 |    17 |    17 ||    40
         Flail             |       |     9 |    66 ||    75
  Throw: Dart              |       |       |     5 ||     5
    Use: Scroll            |     3 |     2 |     7 ||    12
         Potion            |       |       |     1 ||     1
 Armour: Scale mail        |    51 |    44 |       ||    95
         Plate armour      |       |    18 |    63 ||    81
  Dodge: Dodged            |    38 |    46 |    28 ||   112
  Block: Buckler           |    12 |    20 |       ||    32
         Kite shield       |       |     8 |    39 ||    47
